 Dungeon Crawl Stone Soup version 0.27.0-1-g7a089689b8 (webtiles) character file.

Game seed: 15398646607824047311

56 quinnr the Magician (level 4, -3/31 HPs)
             Began as a Djinni Air Elementalist on Aug 8, 2021.
             Killed by miscasting Airstrike (14 damage)
             ... on level 3 of the Dungeon.
             The game lasted 00:02:35 (2119 turns).

quinnr the Magician (Djinni Air Elementalist)       Turns: 2119, Time: 00:02:36

Health: -3/31      AC:  2    Str:  7    XL:     4   Next: 15%
Gold:   124        EV: 12    Int: 17    God:
                   SH:  5    Dex: 14

rFire    + + .     SeeInvis .   k - +2 dagger (drain)
rCold    x . .     Faith    .   (no shield)
rNeg     . . .     Spirit   .   a - +0 robe
rPois    ∞         Reflect  +   (no helmet)
rElec    .         Harm     .   (no cloak)
rCorr    .         Rampage  .   (no gloves)
Will     .....                  (boots unavailable)
Stlth    ++........             d - amulet of reflection
HPRegen  0.10/turn              (no ring)
MPRegen  0.00/turn              (no ring)

@: flying, very slightly contaminated
A: sickness immunity, fire resistance 2, cold vulnerability 1, float, innate
caster, hp casting, extra vitality 1
a: no special abilities


You were on level 3 of the Dungeon.
You visited 1 branch of the dungeon, and saw 4 of its levels.

You collected 124 gold pieces.

Inventory:

Hand Weapons
 k - a +2 dagger of draining (weapon)
Armour
 a - a +0 robe (worn)
Jewellery
 d - an amulet of reflection (around neck)
Scrolls
 e - a scroll of torment {unknown}
 f - a scroll of blinking {unknown}
 l - a scroll of noise {unknown}
 m - a scroll of magic mapping {unknown}
Potions
 b - a potion of cancellation {unknown}
 c - 2 potions of curing {unknown}
 g - 2 potions of mutation {unknown}
 h - 2 potions of invisibility {unknown}
 i - a potion of degeneration {unknown}
 j - a potion of haste {unknown}
 o - a potion of berserk rage {unknown}


   Skills:
 - Level 2.1 Dodging
 - Level 1.5 Stealth
 + Level 3.7 Spellcasting


You couldn't memorise any spells.
You knew the following spells:

 Your Spells              Type           Power      Damage    Failure   Level
a - Shock                 Conj/Air       60%        1d6       3%          1
b - Static Discharge      Conj/Air       15%        N/A       5%          2
c - Swiftness             Air            15%        N/A       11%         3
d - Airstrike             Air            7%         N/A       34%         4
e - Summon Small Mammal   Summ           60%        N/A       3%          1
Your spell library was empty.

Dungeon Overview and Level Annotations

Branches:
Dungeon (4/15)
 Temple: D:4-7

Altars:


Innate Abilities, Weirdness & Mutations

You are immune to sickness and miasma.
You are immune to poison.
Your flesh is very heat resistant. (rF++)
You are vulnerable to cold. (rC-)
You float through the air rather than walking.
You learn spells naturally, not from books.
Your magical power is your life essence.
You have superior vitality. (+4 HP)


Message History

There is a stone staircase leading down here.
Casting: Shock (safe; 3% risk of failure)
Confirm with . or Enter, or press ? or * to list all spells.
The gnoll hits you with a +0 club! The gnoll closely misses you.
Unknown command.
Your rat closely misses the gnoll.
Casting: Summon Small Mammal (safe; 3% risk of failure)
Confirm with . or Enter, or press ? or * to list all spells.
You block the gnoll's attack.
The gnoll hits you from afar with a +0 halberd!
Your rat bites the gnoll but does no damage.
Unknown command.
Your quokka bites the gnoll.
Your rat closely misses the gnoll.
Your quokka barely misses the gnoll.
Your rat barely misses the gnoll.
Your quokka bites the gnoll.
Your quokka barely misses the gnoll.
Your rat closely misses the gnoll.
You see here 22 stones.
The zap hits the gnoll.
The gnoll is moderately wounded.
The zap hits the gnoll.
The gnoll is heavily wounded.
Your quokka closely misses the gnoll.
Your quokka bites the gnoll but does no damage.
Unknown command.
You are too injured to fight recklessly!
Unknown command.
Unknown command.
Casting: Shock (safe; 3% risk of failure)
Confirm with . or Enter, or press ? or * to list all spells.
You can't see any susceptible monsters within range! (Use Z to cast anyway.)
Casting: Shock (safe; 3% risk of failure)
Confirm with . or Enter, or press ? or * to list all spells.
The spell is extremely dangerous to cast (34% risk of failure)!
Continue anyway?
Aiming: Airstrike (extremely dangerous; 34% risk of failure)
Press: ? - help, Dir - move target, f - gnoll, p - gnoll
Aim: a gnoll, wielding a +0 club (heavily wounded, ally target)
You miscast Airstrike.
You are very lightly contaminated with residual magic.
You feel a sudden electric shock!
You die...

#.# #.# #.# #.# #.#
#.# #.# ## #@# ... #(#
.##.#####g###.# ..
........g....# .#
####.#.#.#r##..# ..
.........r.# .## .
......#.#>.#....
.####. #.#..........#.
......###..†.........#


You could see 2 gnolls, a friendly quokka (summoned) and a friendly rat
(summoned).

Vanquished Creatures
  A gnoll (D:3)
  An adder (D:2)
  A dart slug (D:2)
  An orc (D:4)
  3 endoplasms
  2 giant cockroaches
  3 goblins
  A hobgoblin (D:2)
  2 jackals (D:3)
  2 quokkas
  3 ball pythons
  A bat (D:3)
  3 frilled lizards (D:1)
  3 kobolds
  4 rats
31 creatures vanquished.

Vanquished Creatures (collateral kills)
  A worm (D:2)
  A jackal (D:3)
2 creatures vanquished.

Grand Total: 33 creatures vanquished

Notes
Turn   | Place    | Note
-------+----------+-------------------------------------------
     0 | D:1      | quinnr the Djinni Air Elementalist began the quest for the
                  | Orb.
     0 | D:1      | Reached XP level 1. HP: 15/15 MP: 0/0
   321 | D:1      | Reached XP level 2. HP: 16/21 MP: 0/0
   830 | D:1      | Reached skill level 3 in Spellcasting
  1302 | D:2      | Reached XP level 3. HP: 24/25 MP: 0/0
  1302 | D:2      | Learned a level 1 spell: Summon Small Mammal
  1914 | D:3      | Reached XP level 4. HP: 22/31 MP: 0/0
  2119 | D:3      | Killed by miscasting Airstrike

Illustrated notes

Levels and vault maps discovered:
D:1:      lemuel_arrival_river_ford, layout_rooms, serial_rivers,
          chequers_serial_rivers_micro_c, chequers_serial_rivers_micro_d,
          chequers_serial_rivers_micro_e, chequers_serial_rivers_small_b,
          chequers_serial_rivers_small_b, dk_noncrumbling_3
D:2:      layout_basic, hangedman_abyss_or_decor_lesser_grid, st_stairs_9
D:3:      layout_basic, portal_sewer_entry_b
D:4:      layout_rooms, cheibrodos_gnoll_hut, uniq_crazy_yiuf_cottage,
          uniq_robin, uniq_natasha, uniq_ijyb

Skill      XL: |  1  2 |
---------------+-------+-----
Spellcasting   | 3 |  3.7
Dodging        | |  2.1
Stealth        | |  1.5

Action                   |  1- 3 |  4- 6 || total
-------------------------+-------+-------++-------
Melee: Dagger            |       |     3 ||     3
 Cast: Shock             |    64 |     3 ||    67
       Summon Small Mamm |     7 |     3 ||    10
  Use: Scroll            |     1 |       ||     1
Armor: Robe              |     2 |       ||     2
Dodge: Dodged            |     2 |     3 ||     5
Block: Other             |     2 |     3 ||     5
